 Dungeon Crawl Stone Soup version 0.28.0 (console) character file.

Game seed: 2559751392642473646

4 Garrluk the Insei (level 1, 0/17 HPs)
             Began as a Gnoll Transmuter on Feb 12, 2022.
             Slain by a quokka (2 damage)
             ... on level 1 of the Dungeon.
             The game lasted 00:00:39 (112 turns).

Garrluk the Insei (Gnoll Transmuter)                 Turns: 112, Time: 00:00:39

Health: 0/17       AC:  2    Str:  9    XL:     1   Next: 60%
Magic:  6/6        EV: 13    Int: 12    God:
Gold:   0          SH:  0    Dex: 12    Spells: 8/9 levels left

rFire   . . .      SeeInvis .     - Unarmed
rCold   . . .      Faith    .   (no shield)
rNeg    . . .      Spirit   .   a - +0 robe
rPois   .          Reflect  .   (no helmet)
rElec   .          Harm     .   (no cloak)
rCorr   .          Rampage  .   (no gloves)
Will    .....                   (no boots)
Stlth   +.........              (no amulet)
HPRegen 0.05/turn               (no ring)
MPRegen 0.10/turn               (no ring)

@: no status effects
A: fangs 1, strong nose, distributed training
a: no special abilities


You were on level 1 of the Dungeon.
You visited 1 branch of the dungeon, and saw 1 of its levels.

Inventory:

Armour
 a - a +0 robe (worn)


   Skills:
 + Level 2.4 Fighting
 + Level 0.1 Short Blades
 + Level 0.1 Long Blades
 + Level 0.1 Axes
 + Level 0.1 Maces & Flails
 + Level 0.1 Polearms
 + Level 0.1 Staves
 + Level 0.1 Slings
 + Level 0.1 Bows
 + Level 0.1 Crossbows
 + Level 0.1 Throwing
 + Level 0.1 Armour
 + Level 4.4 Dodging
 + Level 0.1 Stealth
 + Level 0.1 Shields
 + Level 6.4 Unarmed Combat
 + Level 4.9 Spellcasting
 + Level 0.1 Conjurations
 + Level 0.1 Hexes
 + Level 0.1 Summonings
 + Level 0.1 Necromancy
 + Level 0.1 Translocations
 + Level 3.6 Transmutations
 + Level 0.1 Fire Magic
 + Level 0.1 Ice Magic
 + Level 0.1 Air Magic
 + Level 0.1 Earth Magic
 + Level 0.1 Poison Magic
 + Level 0.2 Invocations
 + Level 0.1 Evocations


You had 8 spell levels left.
You knew the following spells:

 Your Spells              Type           Power      Damage    Failure   Level
a - Beastly Appendage     Tmut           22%        N/A       4%          1

Your spell library contained the following spells:

 Spells                   Type           Power      Damage    Failure   Level
 Wereblood                Tmut           11%        N/A       7%          2
 Spider Form              Tmut/Pois      7%         N/A       28%         3
 Ice Form                 Ice/Tmut       7%         N/A       67%         4


Dungeon Overview and Level Annotations

Branches:
Dungeon (1/15)

Altars:


Innate Abilities, Weirdness & Mutations

You have very sharp teeth.
Your uncanny sense of smell can sniff out nearby items.
Your experience applies equally to all skills.


Message History

The bat hits you but does no damage.
Things that are here:
a +0 short sword; 4 stones; a kobold corpse You closely miss the bat.
Your kick misses the bat. You bite the bat, but do no damage. The bat hits you.
The bat misses you. The bat hits you but does no damage.
The bat barely misses you.
You barely miss the bat. Your kick misses the bat. Your bite misses the bat.
The bat closely misses you. The bat misses you. The bat hits you.
The bat closely misses you.
You closely miss the bat. The bat barely misses you. The bat hits you.
* * * LOW HITPOINT WARNING * * *
The bat hits you.
* * * LOW HITPOINT WARNING * * *
The bat barely misses you. The bat misses you.
The bat hits you but does no damage. The bat hits you.
* * * LOW HITPOINT WARNING * * *
The bat closely misses you.
Your horns disappear.
Your talons disappear.
The bat hits you but does no damage.
You hit the bat. Your bite misses the bat.
The bat is severely wounded.
The bat completely misses you.
Casting: Beastly Appendage (safe; 4% risk of failure)
Confirm with . or Enter, or press ? or * to list all spells.
You grow a pair of large bovine horns.
Your feet morph into talons.
The bat hits you but does no damage.
You hit the bat.
You kill the bat!
You punch the bat!
You kill the bat!
You see here a bat corpse.
Your transformation is almost over.
Your horns disappear.
Your talons disappear.
Things that are here:
a +0 short sword; 4 stones; a kobold corpse
There is a stone staircase leading down here.
A quokka comes into view.
The quokka moves out of view.
The quokka closely misses you.
You barely miss the quokka. Your bite misses the quokka. The quokka bites you.
* * * LOW HITPOINT WARNING * * *
The quokka bites you.
You die...

######## .......#
######.#
#†###########
######.)....>....#
.......#########.#
.#####.# #@# .#
#.# #r# ∆ .# #.#
... .#####.# ##.##
.......# #.#
.####### #.# ##
#.# #.# . ..


You could see a quokka.

Vanquished Creatures
  A hobgoblin (D:1)
  A kobold (D:1)
  2 bats (D:1)
4 creatures vanquished.

Notes
Turn   | Place    | Note
-------+----------+-------------------------------------------
     0 | D:1      | Garrluk the Gnoll Transmuter began the quest for the Orb.
     0 | D:1      | Reached XP level 1. HP: 17/17 MP: 6/6
   112 | D:1      | Slain by a quokka

Illustrated notes

Levels and vault maps discovered:
D:1:      minmay_arrival_split_and_join, layout_loops_ring,
          shapermc_ecumenical_altar_petra

Action                   || total
-------------------------++-------
Melee: Unarmed           ||    19
       Bite              ||     3
       Punch             ||     1
 Cast: Beastly Appendage ||     3
Armor: Robe              ||    10
Dodge: Dodged            ||    29
